 Dungeon Crawl Stone Soup version 0.31-a0-358-gac0dbeb3ab (webtiles) character file.

Game seed: 11343995516199500625

14 spiderkeys the Ruffian (level 2, -1/18 HPs)
             Began as an Octopode Shapeshifter on July 25, 2023.
             Slain by a hobgoblin (5 damage)
             ... on level 1 of the Dungeon.
             The game lasted 00:00:25 (178 turns).

spiderkeys the Ruffian (Octopode Shapeshifter)       Turns: 178, Time: 00:00:26

Health: -1/18      AC:  1    Str: 14    XL:     2   Next: 45%
Magic:  2/2        EV: 13    Int: 10    God:
Gold:   40         SH:  0    Dex: 12    Spells: 1/1 levels left

rFire   . .          .
                       - Unarmed
rCold   . . .        (no shield)
rNeg    . . .        (helmet currently unavailable)
rPois   .            (no amulet)
rElec   .            (no ring)
rCorr   .            (no ring)
SInv    .            (no ring)
Will    .....        (no ring)
Stlth   ++           (no ring)
HPRegen 0.23/turn    (no ring)
MPRegen 0.08/turn    (no ring)
                     (no ring)

%: no passive effects
@: beast-form
A: beast (slay +2), almost no armour, amphibious, 8 rings, camouflage 1,
gelatinous body 1, (nimble swimmer 1), tentacles
a: Begin Untransformation


You were on level 1 of the Dungeon.
You were a hulking beast.
You visited 1 branch of the dungeon, and saw 1 of its levels.

You collected 40 gold pieces.


Innate Abilities, Weirdness & Mutations

You are a hulking beast.
Your limbs bulge with bestial killing power. (Slay +2)
You cannot wear most types of armour.
You are amphibious.
You can wear up to eight rings at the same time.
Your skin changes colour to match your surroundings (Stealth+).
Your rubbery body absorbs attacks. (AC +1, EV +1)
((You are camouflaged when in or above water. (Stealth+)))
You have tentacles for arms and can constrict up to eight enemies at once.


   Skills:
 + Level 1.4 Fighting
 + Level 2.3 Dodging
 + Level 3.2 Unarmed Combat
 + Level 3.1 Shapeshifting


You had one spell level left.
You didn't know any spells.
Your spell library was empty.

Inventory:

Missiles
 e - 3 stones
Talismans
 b - a beast talisman
Scrolls
 c - a scroll of revelation {unknown}
Potions
 a - a potion of lignification {!q}
 d - a potion of enlightenment {unknown}

Dungeon Overview and Level Annotations

Branches:
Dungeon (1/15) Zot: 5821

Altars:

.#.........# ##..#######
....###+#### #.........#
........# #....####..
##.#.#########..##....##
#.#..#........#......J.
#.........†#.#.#......#
.....>.......#..#....#.
#...........#†...#..#..
#.###.......#..hg)##$..
#.# #.......#....:#
#.......#....#..#
####..#..#..#....#
#..#..#.#......#
...#...#.....g.. #...
##....## ##.. ####.


You could see an endoplasm and a hobgoblin.


Message History

A goblin is nearby!
The helpless goblin fails to defend itself.
You tentacle-slap the goblin.
You kill the goblin!
You now have 40 gold pieces (gained 11).
Found a stone staircase leading down.
A kobold comes into view. It is wielding a +0 dagger.
The kobold shouts!
The kobold throws a stone.
The stone closely misses you.
A kobold is nearby!
The kobold throws a stone.
The stone closely misses you.
A frilled lizard comes into view.
The kobold closely misses you.
The frilled lizard hisses angrily.
You tentacle-slap the kobold.
You kill the kobold!
Unknown command.
The frilled lizard barely misses you.
You tentacle-slap the frilled lizard. Your grab misses the frilled lizard.
The frilled lizard barely misses you.
You closely miss the frilled lizard. You grab the frilled lizard.
Your squeeze misses the frilled lizard. You constrict the frilled lizard.
You kill the frilled lizard!
No target in view!
e - 3 stones You see here a +0 dagger.
An endoplasm comes into view.
An endoplasm is nearby!
An endoplasm is nearby!
A giant cockroach comes into view.
A giant cockroach comes into view.
A quokka and a giant cockroach come into view.
A giant cockroach comes into view.
Unknown command.
The helpless giant cockroach fails to defend itself.
You tentacle-slap the giant cockroach. Your grab misses the giant cockroach.
You squeeze the giant cockroach.
You kill the giant cockroach!
The giant cockroach closely misses you.
You closely miss the giant cockroach. You grab the giant cockroach.
You squeeze the giant cockroach. You constrict the giant cockroach.
You kill the giant cockroach!
You have reached level 2! 😎 HP[+5] MP[+1]
You now have 18 max hp (+5).
Your hp is fully restored (18).
Your mp is fully restored (2).
A goblin comes into view. It is wielding a +0 club.
You bludgeon the giant cockroach!
You kill the giant cockroach!
The giant cockroach bites you but does no damage.
You tentacle-slap the giant cockroach.
You kill the giant cockroach!
The goblin shouts!
A hobgoblin comes into view.
Things that are here:
a giant cockroach corpse; a giant cockroach corpse
There are monsters nearby!
There are monsters nearby!
The goblin barely misses you.
You closely miss the quokka. Your grab misses the quokka. The quokka bites you.
The goblin barely misses you. 😕 HP[-4]
You take 4 damage, and now have 14/18 hp.
MASSIVE DAMAGE!! (PAUSE)
You barely miss the quokka. You grab the quokka.
Your squeeze misses the quokka. You constrict the quokka. The quokka bites you.
The goblin completely misses you. The quokka bites you.
* * * LOW HITPOINT WARNING * * *
😨 HP[-6]
You take 6 damage, and now have 8/18 hp.
MASSIVE DAMAGE!! (PAUSE)
You barely miss the endoplasm. You constrict the quokka.
The goblin closely misses you. The endoplasm misses you.
The quokka twitches its whiskers.
The quokka bites you.
* * * LOW HITPOINT WARNING * * *
😨 HP[-3]
You take 3 damage, and now have 5/18 hp.
You tentacle-slap the quokka.
You kill the quokka!
The endoplasm freezes you.
You are frozen.
* * * LOW HITPOINT WARNING * * *
The goblin hits you but does no damage. 😱 HP[-1]
You take 1 damage, and now have 4/18 hp.
You tentacle-slap the goblin. You grab the goblin.
You tentacle-slap the goblin. You squeeze the goblin.
You kill the goblin!
The endoplasm barely misses you.
You bludgeon the endoplasm!
You kill the endoplasm!
An endoplasm comes into view.
The hobgoblin closely misses you.
The endoplasm quivers.
You tentacle-slap the hobgoblin but do no damage.
You grab the hobgoblin.
You constrict the hobgoblin, but do no damage.
The hobgoblin hits you.
You die...

Action                     || total
---------------------------++-------
  Melee: Unarmed           ||    19
         Constrict         ||     6
         Tentacles         ||     4
         Punch             ||     1
   Stab: Sleeping          ||     2
 Armour: Skin              ||     2
  Dodge: Dodged            ||    17

Levels and vault maps discovered:
D:1:      heliophobic_arrival_battle_scene, layout_basic, serial_shops, shop,
          minmay_circled_x

Notes
Turn   | Place    | Note
-------+----------+-------------------------------------------
     0 | D:1      | spiderkeys the Octopode Shapeshifter began the quest for
                  | the Orb.
     0 | D:1      | Reached XP level 1. HP: 13/13 MP: 1/1
     0 | D:1      | magus.rc [v1.11.3]
   163 | D:1      | Reached XP level 2. HP: 18/18 MP: 2/2
   175 | D:1      | HP: 4/18 [frozen (2)]
   178 | D:1      | Slain by a hobgoblin

Vanquished Creatures
  An endoplasm (D:1)
  5 giant cockroaches (D:1)
  3 goblins (D:1)
  A quokka (D:1)
  A frilled lizard (D:1)
  A kobold (D:1)
12 creatures vanquished.

Table legend:
 A = Non-vault XP
 B = Vault XP
 C = Vault XP percentage of total XP
 D = Non-vault monster count
 E = Vault monster count
 F = Vault count percentage of total count
                 A         B        C        D         E       F
            +---------+---------+-------+---------+---------+-------
      Total |      14 |       7 |  33.3 |       8 |       4 |  33.3
            +---------+---------+-------+---------+---------+-------
        D:1 |      14 |       7 |  33.3 |       8 |       4 |  33.3
            +---------+---------+-------+---------+---------+-------

Action                     || total
---------------------------++-------
  Melee: Unarmed           ||    19
         Constrict         ||     6
         Tentacles         ||     4
         Punch             ||     1
   Stab: Sleeping          ||     2
 Armour: Skin              ||     2
  Dodge: Dodged            ||    17

Illustrated notes

Table legend:
 A = Kills in this place as a percentage of kills in the entire game.
 B = Kills by you in this place as a percentage of kills by you in the entire game.
 C = Kills by friends in this place as a percentage of kills by friends in the entire game.
 D = Other kills in this place as a percentage of other kills in the entire game.
 E = Experience gained in this place as a percentage of experience gained in the entire game.
 F = Experience gained in this place divided by the number of levels of this place that you have seen.
                   A       B       C       D       E      F
               +-------+-------+-------+-------+-------+----------------------
         Total | 100.0 | 100.0 |   N/A |   N/A | 100.0 |  21.0
       Dungeon | 100.0 | 100.0 |   N/A |   N/A | 100.0 |  21.0
               +-------+-------+-------+-------+-------+----------------------

Table legend: (Time is in decaauts)
 A = Elapsed time spent in this place.
 B = Non-inter-level travel time spent in this place.
 C = Inter-level travel time spent in this place.
 D = Time resting spent in this place.
 E = Time spent auto-exploring this place.
 F = Levels seen in this place.
 G = Mean time per level.
                   A        B        C        D        E       F      G
               +--------+--------+--------+--------+--------+-----+--------+
         Total |    177 |    177 |      0 |      0 |    118 |   1 |  177.0 |
       Dungeon |    177 |    177 |      0 |      0 |    118 |   1 |  177.0 |
               +--------+--------+--------+--------+--------+-----+--------+

Top non-repeatable levels by time:
     D:1: 177 daAuts
